 Dungeon Crawl Stone Soup version 0.31.0-12-g77e489cdc1 (webtiles) character file.

Game seed: 16481471828335811675

212 Gadfly the Sneak (level 5, -2/25 HPs)
             Began as a Spriggan Enchanter on Feb 16, 2024.
             Slain by a gnoll
             ... wielding a +0 whip
              (7 damage)
             ... on level 3 of the Dungeon.
             The game lasted 00:03:22 (2523 turns).

Gadfly the Sneak (Spriggan Enchanter)               Turns: 2523, Time: 00:03:23

Health: -2/25      AC:  4    Str:  4    XL:     5   Next: 58%
Magic:  7/11       EV: 20    Int: 19    God:
Gold:   110        SH:  0    Dex: 27    Spells: 6/11 levels left

rFire   . . .        a - +2 dagger
rCold   . . .        (no shield)
rNeg    . . .        b - +0 robe
rPois   .            (helmet restricted)
rElec   .            n - +1 cloak
rCorr   .            (gloves unavailable)
SInv    +            (boots unavailable)
Will    .....        (no amulet)
Stlth   ++++         f - +6 ring of dexterity
HPRegen 0.24/turn    g - +6 ring of dexterity
MPRegen 0.12/turn

%: no passive effects
@: very quick
A: very small, no large weapons, unfitting armour, see invisible, speed 3
a: no special abilities


You were on level 3 of the Dungeon.
You visited 1 branch of the dungeon, and saw 3 of its levels.

You collected 110 gold pieces.

Inventory:

Hand Weapons
 a - a +2 dagger (weapon)
Armour
 b - a +0 robe (worn)
 n - a +1 cloak (worn)
Jewellery
 f - a +6 ring of dexterity (left hand)
 g - a +6 ring of dexterity (right hand)
 j - a ring of flight
 m - a ring of willpower
Scrolls
 h - 2 scrolls of identify
 k - a scroll of fog
Potions
 c - 2 potions of invisibility
 d - 3 potions of curing
 i - a potion of berserk rage
 l - a potion of might


   Skills:
 + Level 1.3 Fighting
 + Level 2.5 Short Blades
 + Level 4.0 Dodging
 + Level 5.4 Stealth
 + Level 3.5 Spellcasting
 + Level 4.3 Hexes
 + Level 2.6 Evocations


You had 6 spell levels left.
You knew the following spells:

 Your Spells              Type           Power      Damage    Failure   Level
a - Ensorcelled Hibernat  Hex/Ice        22%        N/A       9%          2
b - Confusing Touch       Hex            20%        N/A       7%          3

Your spell library contained the following spells:

 Spells                   Type           Power      Damage    Failure   Level
 Tukima's Dance           Hex            20%        N/A       7%          3
 Dazzling Flash           Conj/Hex       22%        N/A       17%         3


Dungeon Overview and Level Annotations

Branches:
Dungeon (3/15)

Altars:


Innate Abilities, Weirdness & Mutations

You are very small and have problems with some larger weapons.
You are too small for most types of armour.
You have supernaturally acute eyesight. (SInv)
You cover ground extremely quickly. (Speed+++)


Message History

The gnoll completely misses you.
You barely miss the gnoll.
The gnoll is moderately wounded.
The jackal bites you. The gnoll barely misses you.
The gnoll hits you from afar with a +0 spear.
A kobold comes into view. It is wielding a +0 club.
The kobold shouts!
You hit the gnoll.
The gnoll is heavily wounded.
The jackal misses you. The gnoll completely misses you.
The gnoll hits you from afar with a +0 spear.
The jackal barely misses you.
You are too injured to fight recklessly!
You are too injured to fight recklessly!
Unknown command.
The jackal attacks as it pursues you! The jackal closely misses you.
You are too injured to fight recklessly!
You are too injured to fight recklessly!
Casting: Ensorcelled Hibernation (safe; 9% risk of failure)
Confirm with . or Enter, or press ? or * to list all spells.
Aiming: Ensorcelled Hibernation (safe; 9% risk of failure)
Press: ? - help, Shift-Dir - straight line, f - jackal
Aim: a jackal (chance to affect: 62%)
The jackal looks drowsy...
You are too injured to fight recklessly!
The helpless jackal fails to defend itself.
You spit the jackal like a pig!!!
You kill the jackal!
Casting: Ensorcelled Hibernation (safe; 9% risk of failure)
Confirm with . or Enter, or press ? or * to list all spells.
Aiming: Ensorcelled Hibernation (safe; 9% risk of failure)
Press: ? - help, Shift-Dir - straight line, f - gnoll
Aim: a gnoll, wielding a +0 whip (heavily wounded, chance to affect: 53%)
The gnoll resists with significant effort.
The gnoll hits you with a +0 whip!
* * * LOW HITPOINT WARNING * * *
You hit the gnoll.
The gnoll is almost dead.
The gnoll hits you with a +0 whip!
You die...

.. #. #. #. .#..##.
....<..## ....g.gg#
#...# #. ....###r# #...#
#. . #g# #...#######.
#g# #...)....##. #.
##@#####...####รท#..
.>#..#..................
........................
.##.##..................
.. ########...####.#..
.# #........###
#...###### #
#...########
#.........##


You could see 3 gnolls, a goblin and a rat.

Vanquished Creatures
  A vampire bat (D:3)
  3 adders
  A dart slug (D:3)
  3 fire bats (D:3)
  2 ribbon worms (D:2)
  4 orcs (D:3)
  2 spectral bats (D:3)
  3 bat skeletons (D:3)
  A bat zombie (D:3)
  5 endoplasms
  2 giant cockroaches
  5 goblins
  4 hobgoblins
  5 jackals
  4 quokkas
  3 ball pythons (D:2)
  12 bats
  A bat simulacrum (D:3)
  3 frilled lizards
  3 kobolds
  8 rats
75 creatures vanquished.

Notes
Turn   | Place    | Note
-------+----------+-------------------------------------------
     0 | D:1      | Gadfly the Spriggan Enchanter began the quest for the Orb.
     0 | D:1      | Reached XP level 1. HP: 9/9 MP: 5/5
   223 | D:1      | Reached XP level 2. HP: 13/13 MP: 6/6
   392 | D:1      | Learned a level 2 spell: Ensorcelled Hibernation
   536 | D:1      | Reached skill level 1 in Evocations
  1052 | D:2      | Reached XP level 3. HP: 16/17 MP: 2/8
  1421 | D:2      | Learned a level 3 spell: Confusing Touch
  1989 | D:3      | Reached XP level 4. HP: 21/21 MP: 6/9
  2238 | D:3      | Reached skill level 1 in Fighting
  2238 | D:3      | Reached skill level 5 in Stealth
  2278 | D:3      | Reached XP level 5. HP: 25/25 MP: 11/11
  2523 | D:3      | Slain by a gnoll

Illustrated notes

Levels and vault maps discovered:
D:1:      amcnicky_arrival_abandoned_market, layout_basic
D:2:      layout_basic
D:3:      layout_loops_cross, goddamned_bats, uniq_ijyb

Skill      XL: |  1  2  3  4  5 |
---------------+----------------+-----
Evocations     | 1 2 |  2.6
Dodging        | 3 4 |  4.0
Spellcasting   | 3 |  3.5
Hexes          | 4 |  4.3
Short Blades   | 2 |  2.5
Fighting       | 1 |  1.3
Stealth        | 5 |  5.4

Action                     |  1- 3 |  4- 6 || total
---------------------------+-------+-------++-------
  Melee: Dagger            |   104 |    83 ||   187
         Punch             |       |     1 ||     1
   Cast: Ensorcelled Hiber |    19 |     8 ||    27
    Use: Scroll            |    11 |       ||    11
   Stab: Sleeping          |    22 |    13 ||    35
 Armour: Robe              |    23 |    54 ||    77
  Dodge: Dodged            |    86 |   176 ||   262
